cohdb
Replays
Latest Replays
All Replays
Popular Replays
Top Player Replays
Match Explorer
How It Works
Community
CoH3 Stats
Reddit
Sign in to upload your games and track your stats! →
Sign in with Steam
Match 47045662
Unlisted
Match 47045662
Overview
Messages
Build Orders
End
Selects Italian Combined Arms Battlegroup
Selects Bersaglieri Squad
Bersaglieri Squad
Kradschützen Motorcycle Team
Bersaglieri Squad
Construct Light Support Kompanie
MG34 Team
Selects Bersaglieri Bolster
Fire Support Elements
Panzerjäger Squad
250 Light Carrier
ol' Tony
Young_Charles
PvtBaker
FLYCAT
0
0
Comments
sign in to comment!
No comments posted yet!